 Dungeon Crawl Stone Soup version 0.25.0-11-g1f837a76a1 (webtiles) character file.

Game seed: 8722717342063167569

1585 raph the Sneak (level 8, -9/39 HPs)
             Began as a Spriggan Venom Mage on June 24, 2020.
             Mangled by an orc warrior
             ... wielding a +0 glaive
              (22 damage)
             ... on level 6 of the Dungeon.
             The game lasted 00:18:38 (7814 turns).

raph the Sneak (Spriggan Venom Mage)                Turns: 7814, Time: 00:18:39

Health: -9/39      AC:  2    Str: 12    XL:     8   Next: 61%
Magic:  15/22      EV: 23    Int: 17    God:
Gold:   254        SH:  0    Dex: 24    Spells: 7/13 levels left

rFire    . . .     SeeInvis +   a - +3 dagger
rCold    . . .     Gourm    .   (shield restricted)
rNeg     . . .     Faith    +   f - +0 robe
rPois    .         Spirit   .   (helmet restricted)
rElec    .         Reflect  .   (no cloak)
rCorr    .         Harm     .   (gloves unavailable)
MR       +....                  (boots unavailable)
Stlth    ++++......             g - amulet of Xom's Entertainment {Faith MP+9 Str+2 SInv}
HPRegen  0.13/turn              n - +6 ring of dexterity
MPRegen  0.18/turn              p - +6 ring of strength

@: very quick
A: very small, unfitting armour, see invisible, herbivore, speed 3, slow
metabolism 2
a: no special abilities


You were on level 6 of the Dungeon.
You were hungry.

You visited 1 branch of the dungeon, and saw 6 of its levels.

You collected 254 gold pieces.

Inventory:

Hand Weapons
 a - a +3 dagger (weapon)
 b - a +0 hunting sling
 e - a +2 dagger
Missiles
 h - 154 stones
 k - 30 poisoned darts (quivered)
 y - 16 sling bullets
Armour
 f - a +0 robe (worn)
Jewellery
 g - the amulet of Xom's Entertainment (around neck) {Faith MP+9 Str+2 SInv}
   (You found it on level 5 of the Dungeon)

   [amulet of faith]

   It allows you to gain divine favour quickly.
   It affects your strength (+2).
   It affects your magic capacity (+9).
   It lets you see invisible.
 j - an uncursed amulet of reflection
 n - a +6 ring of dexterity (left hand)
 p - a +6 ring of strength (right hand)
Wands
 u - a wand of digging (5)
Scrolls
 d - a scroll of amnesia
 q - a scroll of blinking
 r - 2 scrolls of remove curse
 v - a scroll of acquirement {unknown}
 x - a scroll of fear
 z - a scroll of enchant armour {unknown}
Potions
 i - a potion of stabbing
 l - a potion of flight
 m - 4 potions of brilliance
 o - 2 potions of resistance
 s - 2 potions of haste
 t - a potion of curing
 w - a potion of heal wounds
Comestibles
 c - 4 rations


   Skills:
 + Level 2.7 Fighting
 + Level 3.6 Short Blades
 + Level 6.2 Dodging
 + Level 6.6 Stealth
 - Level 3.0 Spellcasting
 + Level 3.1 Conjurations
 - Level 2.0 Transmutations
 + Level 3.5 Air Magic
 + Level 5.5 Poison Magic


You had 7 spell levels left.
You knew the following spells:

 Your Spells              Type           Power        Failure   Level  Hunger
a - Sting                 Tmut/Pois      ###.         3%          1    None
b - Poisonous Vapours     Pois/Air       ###...       4%          2    ##.....
c - Mephitic Cloud        Conj/Pois/Air  ###.....     10%         3    ###....

Your spell library contained the following spells:

 Spells                   Type           Power        Failure   Level  Hunger
 Olgreb's Toxic Radiance  Pois           ###.....     17%         4    ####...
 Ignite Poison            Fire/Tmut/Pois ##......     19%         3    ###....


Dungeon Overview and Level Annotations

Branches:
Dungeon (6/15)
 Temple: D:4-7

Altars:
Fedhas
Sif Muna

Annotations:
D:5 2 runed translucent doors, Menkaure
D:6 4 runed translucent doors


Innate Abilities, Weirdness & Mutations

You are very small and have problems with some larger weapons.
You are too small for most types of armour.
You have supernaturally acute eyesight. (SInv)
You are a herbivore.
You cover ground extremely quickly.
You need to consume almost no food.


Message History

The sting hits the orc priest.
The orc priest looks even sicker.
You kill the orc priest!
Unknown command.
Casting: Sting (safe; 3% risk of failure)
Confirm with . or Enter, or press ? or * to list all spells.
Aiming: Sting (safe; 3% risk of failure)
Press: ? - help, Shift-Dir - straight line, f - orc warrior
Aim: an orc warrior, wielding a +0 glaive and wearing a +0 plate armour The sting misses the orc warrior.
An orc comes into view. It is wielding a +0 club.
Casting: Sting (safe; 3% risk of failure)
Confirm with . or Enter, or press ? or * to list all spells.
Aiming: Sting (safe; 3% risk of failure)
Press: ? - help, Shift-Dir - straight line, f/p - orc warrior
Aim: an orc warrior, wielding a +0 glaive and wearing a +0 plate armour The sting hits the orc warrior but does no damage.
The orc warrior is poisoned.
The orc warrior hits you from afar with a +0 glaive!!
Ouch! That really hurt!
You die...

# #.####.#.### # #.##....... #
#.##...... # #.##..##.#
##############.#...##.######
##...#.....................##.#.
##...#..........................
##...#)............##..##..##...
##...#......○.o.@..##..##..# .
†............○○..............
.#...##.#o...†................
...................##..##..##...
.######.#..............##..# ###
.# #.######............... .# #.#
#.##..........######
.######.######.#.......##.....<..
..o.)................#.##..###.##


You could see an orc warrior (poisoned) and an orc.

Vanquished Creatures
  Eustachio (D:6)
  2 ice beasts
  2 sky beasts (D:5)
  An orc warrior (D:5)
  An eye of draining (D:5)
  2 ogres
  Blork the orc (D:5)
  3 bullfrogs (D:5)
  2 orc priests
  A hound (D:3)
  2 iguanas
  2 orc wizards
  2 worker ants
  A worker ant zombie (D:6)
  6 adders
  A gnoll (D:5)
  A howler monkey skeleton (D:5)
  A shadow imp (D:5)
  An ooze (D:4)
  2 adder skeletons
  An adder zombie (D:5)
  2 worms
  2 dart slugs
  7 leopard geckos
  13 orcs
  9 giant cockroaches
  5 goblins
  7 hobgoblins
  8 jackals
  4 quokkas
  6 bats
  14 frilled lizards
  A jackal skeleton (D:4)
  9 kobolds
  A leopard gecko skeleton (D:5)
  A quokka skeleton (D:5)
  9 rats
134 creatures vanquished.

Notes
Turn   | Place    | Note
-------+----------+-------------------------------------------
     0 | D:1      | raph the Spriggan Venom Mage began the quest for the Orb.
     0 | D:1      | Reached XP level 1. HP: 9/9 MP: 5/5
   320 | D:1      | Reached XP level 2. HP: 13/13 MP: 3/6
   352 | D:1      | Learned a level 2 spell: Poisonous Vapours
   941 | D:1      | Reached XP level 3. HP: 16/16 MP: 3/8
  1263 | D:1      | Learned a level 3 spell: Mephitic Cloud
  1765 | D:2      | Noticed an ice beast
  1881 | D:2      | Reached XP level 4. HP: 21/21 MP: 9/9
  1977 | D:3      | Reached skill level 1 in Air Magic
  2195 | D:3      | Reached skill level 1 in Conjurations
  2542 | D:3      | Reached XP level 5. HP: 24/24 MP: 8/10
  3269 | D:4      | Noticed an ogre
  3279 | D:4      | Killed an ogre
  3462 | D:4      | Reached XP level 6. HP: 29/29 MP: 7/11
  3591 | D:4      | Reached skill level 1 in Short Blades
  3972 | D:4      | Found a blossoming altar of Fedhas.
  4136 | D:5      | Entered Level 5 of the Dungeon
  4149 | D:5      | Reached skill level 1 in Fighting
  4449 | D:5      | Noticed Menkaure
  4645 | D:5      | Reached XP level 7. HP: 25/33 MP: 0/12
  4833 | D:5      | Found a large runed translucent door.
  4864 | D:5      | Found a large runed translucent door.
  4896 | D:5      | Reached skill level 5 in Stealth
  5080 | D:5      | Found a large runed translucent door.
  5080 | D:5      | Found a large runed translucent door.
  5085 | D:5      | Got a translucent amethyst amulet
  5097 | D:5      | Identified the amulet of Xom's Entertainment {Faith MP+9
                  | Str+2 SInv} (You found it on level 5 of the Dungeon)
  5250 | D:5      | Reached skill level 5 in Poison Magic
  5385 | D:5      | Noticed Blork the orc
  5411 | D:5      | Killed Blork the orc
  5411 | D:5      | Reached skill level 5 in Dodging
  5691 | D:5      | Reached XP level 8. HP: 39/39 MP: 13/13
  6072 | D:5      | Found a shimmering blue altar of Sif Muna.
  6689 | D:6      | Found a runed translucent door.
  7760 | D:6      | Found a runed translucent gate.
  7760 | D:6      | Found a runed translucent gate.
  7762 | D:6      | Found a runed translucent gate.
  7764 | D:6      | Noticed Eustachio
  7771 | D:6      | Killed Eustachio
  7814 | D:6      | Mangled by an orc warrior

Illustrated notes

Levels and vault maps discovered:
D:1:      heliophobic_arrival_glass_houses, layout_basic
D:2:      layout_basic
D:3:      cheibrodos_old_hovel, layout_rooms, st_stairs_6, minmay_checkerbox
D:4:      layout_basic, nicolae_overflow_crystal_walls, first_ration
D:5:      layout_gridville, lemuel_blue_sif_altar,
          minmay_hollow_rounded_squares, uniq_menkaure, uniq_blork_the_orc
D:6:      layout_basic, kennysheep_mini_moat,
          minmay_guarded_unrand_staff_of_olgreb, uniq_eustachio

Skill      XL: |  1  2  3  4  5  6  7  8 |
---------------+-------------------------+-----
Spellcasting   | 3 |  3.0
Transmutations | 2 |  2.0
Air Magic      | 1 2 3 |  3.5
Conjurations   | 1 2 3 |  3.1
Poison Magic   | 4 5 |  5.5
Stealth        | 4 5 6 |  6.6
Short Blades   | 1 2 3 |  3.6
Fighting       | 1 2 |  2.7
Dodging        | 4 5 6 |  6.2

Action                   |  1- 3 |  4- 6 |  7- 9 || total
-------------------------+-------+-------+-------++-------
Melee: Dagger            |    16 |    42 |    61 ||   119
 Fire: Hunting sling     |       |       |     5 ||     5
Throw: Dart              |       |       |     2 ||     2
 Cast: Sting             |    67 |    98 |    95 ||   260
       Mephitic Cloud    |       |     2 |     3 ||     5
  Use: Scroll            |       |    10 |     6 ||    16
 Stab: Sleeping          |     4 |    10 |     9 ||    23
  Eat: Ration            |       |     1 |     1 ||     2
Armor: Robe              |     4 |     2 |     2 ||     8
Dodge: Dodged            |    32 |    69 |    81 ||   182
Block: Other             |       |     7 |     1 ||     8
       Reflection        |       |     1 |       ||     1
